 Dungeon Crawl Stone Soup version 0.28.0 (webtiles) character file.

Game seed: 7421910019744176799

856 AmazingTV the Sneak (level 7, -3/52 HPs)
             Began as a Spriggan Brigand on June 28, 2022.
             Was an Initiate of Trog.
             Slain by a bullfrog (4 damage)
             ... on level 6 of the Dungeon.
             The game lasted 00:21:58 (6068 turns).

AmazingTV the Sneak (Spriggan Brigand)              Turns: 6068, Time: 00:21:58

Health: -3/52      AC: 23    Str:  7    XL:     7   Next: 70%
Magic:  8/8        EV:  4    Int: 12    God:    Trog [......]
Gold:   161        SH:  0    Dex: 17    Spells: 6/6 levels left

rFire   . . .      SeeInvis +   a - +2 dagger
rCold   . . .      Faith    +   (no shield)
rNeg    . . .      Spirit   .   (armour currently unavailable)
rPois   +          Reflect  .   (helmet currently unavailable)
rElec   .          Harm     .   (cloak currently unavailable)
rCorr   .          Rampage  .   (gloves unavailable)
Will    +....      NoTele   +   (boots unavailable)
Stlth   ++++......              C - amulet of faith
HPRegen 0.17/turn               p - +4 ring of slaying
MPRegen 0.11/turn               G - +4 ring of protection

@: tree-form, corroded, on berserk cooldown
A: stationary, stasis, torment immunity, boosted hp, very small, no large
weapons, unfitting armour, see invisible, (speed 3), (hooves 1), (horns 1),
clumsy 1, MP-powered wands
a: Renounce Religion


You were on level 6 of the Dungeon.
You worshipped Trog.
Trog was noncommittal.
You were a tree.
You visited 2 branches of the dungeon, and saw 7 of its levels.

You collected 161 gold pieces.

Inventory:

Hand Weapons
 a - a +2 dagger (weapon)
 b - a +0 hunting sling
 y - a +0 rapier
 D - a +0 dagger of venom
Missiles
 d - 15 poisoned darts (quivered)
 e - 4 curare-tipped darts
 k - 22 arrows
 m - 105 stones
Armour
 c - a +0 cloak (melded)
 s - a +0 robe (melded)
Jewellery
 p - a +4 ring of slaying (left branch)
 t - a ring of protection from fire
 C - an amulet of faith (around neck)
 E - a ring of ice
 G - a +4 ring of protection (right branch)
Wands
 A - a wand of iceblast (9)
Scrolls
 f - 5 scrolls of identify {unknown}
 h - a scroll of enchant weapon {unknown}
 i - 2 scrolls of brand weapon {unknown}
 j - 2 scrolls of blinking {unknown}
 n - 2 scrolls of teleportation {unknown}
 q - a scroll of magic mapping {unknown}
 u - 2 scrolls of holy word {unknown}
 v - a scroll of immolation {unknown}
 w - a scroll of fog {unknown}
 B - a scroll of acquirement {unknown}
Potions
 o - a potion of brilliance {unknown}
 r - a potion of mutation
 x - a potion of flight
 F - a potion of ambrosia {unknown}
 H - a potion of heal wounds {unknown}


   Skills:
 + Level 2.9 Fighting
 * Level 5.1 Short Blades
 - Level 6.5(7.1) Slings
 - Level 3.4(4.9) Throwing
 - Level 1.3 Dodging
 + Level 7.5 Stealth


You had 6 spell levels left.
You didn't know any spells.
Your spell library contained the following spells:

 Spells                   Type           Power      Damage    Failure   Level
 Summon Small Mammal      Summ           0%         N/A       32%         1
 Sublimation of Blood     Necr           0%         N/A       45%         2
 Wereblood                Tmut           0%         N/A       45%         2
 Call Canine Familiar     Summ           0%         N/A       69%         3
 Summon Guardian Golem    Hex/Summ       0%         N/A       69%         3
 Summon Ice Beast         Ice/Summ       0%         N/A       97%         4
 Summon Mana Viper        Hex/Summ       0%         N/A       100%        5
 Monstrous Menagerie      Summ           0%         N/A       100%        7
 Summon Hydra             Summ           0%         N/A       100%        7


Dungeon Overview and Level Annotations

Branches:
Dungeon (6/15)             Temple (1/1) D:5

Altars:
Ashenzari
Cheibriados
Dithmenos
Elyvilon
Gozag
Hepliaklqana
Kikubaaqudgha
Makhleb
Nemelex Xobeh
Okawaru
Qazlal
Trog
Uskayaw
Vehumet
Wu Jian
Xom
Yredelemnul
Zin

Shops:
D:3 (   D:5 (


Innate Abilities, Weirdness & Mutations

You are a tree.
Your roots penetrate the ground, keeping you stationary.
You cannot be teleported.
You are immune to unholy pain and torment.
Your maximum health is greatly increased.
Your equipment is partially melded.
You are very small and have problems with some larger weapons.
You are too small for most types of armour.
You have supernaturally acute eyesight. (SInv)
((You cover ground extremely quickly. (Speed+++)))
((You have large cloven feet.))
((You have a pair of small horns on your head.))
You are clumsy. (Dex -2)
You expend magic power (3 MP) to strengthen your wands.


Message History

An orc priest comes into view. It is wielding a +0 flail.
The bullfrog snags a nearby blue-tailed skink with its tongue.
The bullfrog hits you but does no damage.
You hit the jelly.
Your branches burn!
The jelly is heavily wounded.
The jelly hits you but does no damage.
The bullfrog hits you but does no damage.
An orc wizard comes into view. It is wielding a +0 dagger.
The orc wizard mumbles some strange words.
The orc wizard flickers and vanishes for a moment.
You hit the jelly.
Your branches burn!
The jelly is severely wounded.
The sentinel's mark upon you fades away.
The bullfrog hits you but does no damage.
The jelly hits you but does no damage.
An orc comes into view. It is wielding a +0 trident.
You hit the jelly.
Your branches burn!
The jelly is severely wounded.
The bullfrog hits you but does no damage.
An ogre comes into view. It is wielding a +0 giant club.
The jelly hits you but does no damage.
You hit the jelly. The acid corrodes you!
Your branches burn!
* * * LOW HITPOINT WARNING * * *
The jelly is almost dead.
The bullfrog hits you but does no damage.
You hit the jelly.
You kill the jelly!
Trog accepts your kill. The bullfrog hits you.
* * * LOW HITPOINT WARNING * * *
The orc hits you but does no damage.
It was a potion of flight.
Your roots keep you in place.
The bullfrog hits you but does no damage.
The orc priest invokes the aid of Beogh against you.
Beogh smites you!
* * * LOW HITPOINT WARNING * * *
An orc comes into view. It is wielding a +0 whip.
An orc comes into view. It is wielding a +0 mace.
The bullfrog hits you.
You die...

........#.........##
.........#..........+
........>#.....o....#
.........#.....oO..?#
.........##...##...##
....##...##...##o..##
....##....'....#o.o.#
.†..##..)##....#Foo.#
....##'####....#♣o..#
<....#...##...##....#
.....#...##...##...##
.....#....#.)..#...#
.....#....#....#....
.....#....'....#....#
....#######...##....#
....##.####...##....#
............<.#


You could see an ogre, a bullfrog, an orc priest, 2 orc wizards and 5 orcs.

Vanquished Creatures
  Edmund (D:4)
  Duvessa (D:4)
  An ice beast (D:5)
  Blork the orc (D:4)
  Dowan (D:4)
  A centaur zombie (D:5)
  A hound (D:6)
  2 jellies
  A bullfrog zombie (D:6)
  A gnoll shaman (D:5)
  An iguana (D:5)
  6 gnolls
  8 adders
  A white imp (D:6)
  An ufetubus (D:5)
  A worm (D:5)
  A dart slug (D:1)
  4 orcs
  5 bats
  5 endoplasms
  2 giant cockroaches
  5 hobgoblins
  3 jackals (D:1)
  5 quokkas
  6 ball pythons
  4 frilled lizards
  8 goblins
  6 kobolds
  3 rats
86 creatures vanquished.

Notes
Turn   | Place    | Note
-------+----------+-------------------------------------------
     0 | D:1      | AmazingTV the Spriggan Brigand began the quest for the Orb.
     0 | D:1      | Reached XP level 1. HP: 10/10 MP: 2/2
   550 | D:1      | Reached XP level 2. HP: 10/14 MP: 3/3
  1350 | D:2      | Reached XP level 3. HP: 18/18 MP: 4/4
  1866 | D:2      | Reached skill level 1 in Slings
  2240 | D:2      | You fall into a shaft and drop 1 floor!
  2486 | D:3      | Reached XP level 4. HP: 22/22 MP: 5/5
  2577 | D:3      | Found Ehobaexi's Weapon Shop.
  2600 | D:3      | Found a faded altar of an unknown god.
  3125 | D:4      | Noticed Edmund
  3133 | D:4      | Killed Edmund
  3134 | D:4      | Reached skill level 5 in Slings
  3134 | D:4      | Reached XP level 5. HP: 25/25 MP: 6/6
  3168 | D:4      | Noticed Blork the orc
  3176 | D:4      | Killed Blork the orc
  3177 | D:4      | Reached XP level 6. HP: 30/30 MP: 7/7
  3237 | D:4      | Noticed Duvessa
  3238 | D:4      | Noticed Dowan
  3491 | D:4      | Killed Dowan
  3492 | D:4      | Reached skill level 6 in Stealth
  4227 | D:4      | Killed Duvessa
  4531 | D:5      | Entered Level 5 of the Dungeon
  4547 | D:5      | Found Wuys Tiaffe's Weapon Emporium.
  4733 | D:5      | Found a staircase to the Ecumenical Temple.
  4740 | D:5      | Reached XP level 7. HP: 35/35 MP: 8/8
  4743 | Temple   | Entered the Ecumenical Temple
  4752 | Temple   | Became a worshipper of Trog the Wrathful
  5721 | D:5      | Reached skill level 7 in Stealth
  6047 | D:6      | Reached skill level 5 in Short Blades
  6060 | D:6      | Gained mutation: You have a pair of small horns on your
                  | head. [potion of mutation]
  6060 | D:6      | Gained mutation: You are clumsy. (Dex -2) [potion of
                  | mutation]
  6060 | D:6      | Gained mutation: You expend magic power (3 MP) to
                  | strengthen your wands. [potion of mutation]
  6060 | D:6      | Gained mutation: You have large cloven feet. [potion of
                  | mutation]
  6068 | D:6      | HP: 1/52 [orc priest/divine providence (11)]
  6068 | D:6      | Slain by a bullfrog

Illustrated notes

Levels and vault maps discovered:
D:1:      dpeg_arrival_pits, layout_basic
D:2:      kennysheep_big_flooded_room, layout_loops_ring, minmay_tromino_v4_a
D:3:      layout_loops_ring, ebering_ecumenical_altar_ruins, serial_shops,
          nicolae_shop_bloodbath_and_beyond
D:4:      layout_rooms, uniq_duvessa, uniq_edmund, uniq_blork_the_orc
D:5:      layout_rooms, minmay_temple_entry_tees, serial_shops,
          nicolae_stop_n_shop_1
D:6:      layout_gridville, mainiacjoe_overflow_small_starburst, serial_shops,
          kennysheep_mini, kennysheep_small_circle
Temple:   nicolae_temple_no_exploring_needed

Skill      XL: |  1  2  3  4  5  6  7 |
---------------+----------------------+-----
Throwing       | 3 |  3.4
Slings         | 2 5 6 |  6.5
Stealth        | 6 7 |  7.5
Fighting       | 2 |  2.9
Short Blades   | 3 5 |  5.1
Dodging        | |  1.3

Action                   |  1- 3 |  4- 6 |  7- 9 || total
-------------------------+-------+-------+-------++-------
Melee: Dagger            |   121 |    53 |    45 ||   219
       Punch             |       |     2 |       ||     2
 Fire: Hunting sling     |       |    19 |    21 ||    40
Throw: Dart              |     4 |    33 |     4 ||    41
       Stone             |     2 |       |       ||     2
  Use: Potion            |       |       |     5 ||     5
 Stab: Sleeping          |    10 |     9 |     3 ||    22
       Distracted        |     1 |       |       ||     1
Armor: Robe              |    11 |     5 |     6 ||    22
       Skin              |       |       |    18 ||    18
Dodge: Dodged            |    83 |    34 |    23 ||   140
